cohdb
Replays
Latest Replays
All Replays
Popular Replays
Top Player Replays
Match Explorer
How It Works
Community
CoH3 Stats
Reddit
Sign in to upload your games and track your stats! →
Sign in with Steam
Match 46930933
Unlisted
Match 46930933
Overview
Messages
Build Orders
End
Vickers Machine Gun Team
Construct Section Command Post
Dingo Light Scout Car
Selects Air and Sea Battlegroup
Selects Air and Sea Battlegroup
Selects Air and Sea Battlegroup
Infantry Section
Infantry Section
Grenade Package
Construct Platoon Command Post
Selects Supply Surplus
Construct Field Infirmary
Forward Retreat Point
Unlock M3 Stuart Light Tanks
M3 Stuart Light Tank
Construct Resource Cache
M3 Stuart Light Tank
Construct Company Command Post
Armored Vehicle Training
Construct Resource Cache
Royal Engineer Section
Unlock M3 Grant Medium Tanks
M3 Grant Medium Tank
Selects UNKNOWN (223837)
Construct Resource Cache
M3 Grant Medium Tank
Foot Guards Section
M3 Grant Medium Tank
Selects Assault Flares
M3 Grant Medium Tank
Assault Flares
M3 Grant Medium Tank
Selects Commando Section Paradrop
Selects M1 Pack Howitzer Paradrop
Assault Flares
kimsimin
佛系玩家
新年辞旧喜洋洋
Tharrats
猛牛
Piter
JIANHU
FLOKL
0
0
Comments
sign in to comment!
No comments posted yet!